AoeStats
← Tsimentopoulos

Arabia

509890271Analyzed
3v3 RM · 5d ago on Sep 28, 2026· 47m 49s· 6 players
Game mode
Random Map
Map size
Normal (6 player)
Population
200
Speed
Normal
Resources
Standard
Victory
Conquest
Starting age
Dark Age
Ending age
Imperial Age
RankedLock teamsTeams togetherTeam positionsShared explorationLock speedFull tech treeHidden civsTurbo modeCheats
Victory
Defeat
🇬🇷 Franks · Greece
1105
+16
🇬🇷 Maya · Greece
1095
+16
🇬🇷 Vikings · Greece
1041
+19
🇹🇼 Saxons · Taiwan
1154
-19
🇹🇼 Ethiopians · Taiwan
1126
-18
🇹🇼 Varangians · Taiwan
1031
-14
Tsimentopoulos
0:27 Loom
10:57 Feudal Age
13:42 Double-Bit Axe
13:39 Horse Collar
21:29 Castle Age
19:33 Padded Archer Armor
21:31 Crossbowman
22:17 Thumb Ring
22:10 Fletching
23:06 Leather Archer Armor
24:07 Bow Saw
25:48 Bodkin Arrow
28:42 Ballistics
30:10 Heavy Plow
32:44 Wheelbarrow
38:06 Imperial Age
35:52 Hand Cart
38:09 Arbalester
38:53 Bracer
39:24 Ring Archer Armor
39:59 Chemistry
39:12 Elite Skirmisher
40:07 Onager
Fly Lo
10:09 Feudal Age
11:47 Loom
16:43 Castle Age
15:09 Double-Bit Axe
18:01 Husbandry
18:53 Bow Saw
22:37 Wheelbarrow
24:42 Scale Barding Armor
25:23 Forging
27:18 Hand Cart
29:21 Gold Mining
32:31 Imperial Age
31:05 Iron Casting
31:12 Chain Barding Armor
32:51 Cavalier
34:47 Blast Furnace
35:59 Devotion
36:43 Plate Barding Armor
36:56 Paladin
44:27 Chivalry
46:41 Conscription
45:43 Elite Throwing Axeman
46:27 Fletching
46:38 Padded Archer Armor
dripped fly lo
12:49 Feudal Age
16:54 Loom
22:54 Man-at-Arms
30:03 Horse Collar
42:41 Castle Age
43:32 Double-Bit Axe
43:53 Heavy Plow
Andre114514
6:01 Loom
8:52 Feudal Age
9:37 Loom
9:44 Double-Bit Axe
15:43 Fletching
16:57 Horse Collar
19:38 Castle Age
19:52 Crossbowman
20:55 Bodkin Arrow
22:24 Bow Saw
22:54 Wheelbarrow
27:39 Town Watch
30:11 Heavy Plow
30:37 Sanctity
32:49 Hand Cart
34:17 Padded Archer Armor
34:24 Thumb Ring
37:54 Imperial Age
35:52 Pikeman
36:32 Squires
36:49 Leather Archer Armor
36:35 Scale Mail Armor
36:45 Forging
39:57 Conscription
40:22 Chain Mail Armor
39:31 Halberdier
40:59 Shield Wall
43:51 Plate Mail Armor
43:56 Iron Casting
43:11 Arson
43:27 Bracer
43:57 Ring Archer Armor
mikufish01
5:59 Loom
11:57 Feudal Age
12:47 Loom
16:36 Castle Age
14:34 Double-Bit Axe
21:38 Scale Mail Armor
21:50 Forging
22:33 Horse Collar
29:17 Wheelbarrow
30:20 Scale Barding Armor
37:44 Chain Barding Armor
38:00 Iron Casting
40:09 Imperial Age
39:22 Gold Mining
40:31 Elite Jarl
46:11 Plate Barding Armor
u990221
5:35 Loom
8:55 Feudal Age
9:39 Double-Bit Axe
20:03 Castle Age
20:20 Crossbowman
21:06 Thumb Ring
22:48 Fletching
22:59 Padded Archer Armor
25:22 Wheelbarrow
27:16 Bodkin Arrow
30:18 Leather Archer Armor
34:25 Hand Cart
34:21 Bow Saw
33:58 Horse Collar
35:23 Ballistics
36:32 Heavy Plow
40:43 Imperial Age
38:10 Gold Mining
38:11 Stone Mining
39:04 Town Watch
42:28 Arbalester
43:16 Bracer
44:02 Ring Archer Armor
45:45 Chemistry
46:06 Siege Engineers
Connection lost

Rejoining the realm…

Still unreachable

The connection could not be restored.

Session expired

The server has moved on; the page needs a fresh start.